 Dungeon Crawl Stone Soup version 0.31-a0-37-g98a128e1d9 (webtiles) character file.

Game seed: 17646807915418361570

422392 holysushi the Warrior (level 23, 0/196 HPs)
             Began as a Gnoll Conjurer on May 10, 2023.
             Was the Champion of Zin.
             Slain by a titan (34 damage)
             ... on level 1 of the Depths on May 15, 2023.
             The game lasted 03:17:23 (99254 turns).

holysushi the Warrior (Gnoll Conjurer)             Turns: 99254, Time: 03:17:23

Health: 0/196      AC: 17    Str: 14    XL:     23   Next: 73%
Magic:  22/44      EV: 30    Int: 35    God:    Zin [******]
Gold:   1896       SH:  0    Dex: 21    Spells: 6/56 levels left

rFire   . . .        Y - staff of conjuration
rCold   . . .        L - orb {*channel}
rNeg    + . .        D - +0 steam dragon scales
rPois   ∞            K - +0 helmet
rElec   +            p - scarf "Kiteb" {repulsion, rElec}
rCorr   .            q - +2 pair of gloves {hurl}
SInv    .            s - +1 pair of boots
Will    ++++.        j - amulet of the Four Winds {rN+ Will+++ Clar}
Stlth   +++++++      g - +5 ring of evasion
HPRegen 0.52/turn    I - ring "Notiw" {rElec Int+3 Dex+6}
MPRegen 0.29/turn

%: repel missiles, clarity, channel magic (20%)
@: vitalised, on recite cooldown, studying 4 skills
A: fangs 1, strong nose, distributed training
}: 2/15 runes: barnacled, gossamer
a: Renounce Religion, Recite, Vitalisation, Imprison, Sanctuary, Donate Gold


You were on level 1 of the Depths.
You worshipped Zin.
Zin was exalted by your worship.
You visited 9 branches of the dungeon, and saw 41 of its levels.
You also visited: Trove, Ice Cave, Wizlab and Desolation.

You collected 7506 gold pieces.
You spent 5154 gold pieces at shops.
You donated 456 gold pieces to Zin.

Inventory:

Hand Weapons
 b - the +6 shillelagh "Devastator" {shatter}
   (You found it on level 8 of the Dungeon)
 A - the +8 frozen axe "Frostbite" {freeze, freezing cloud, *Noise Fly rC+}
   (You found it on level 1 of the Depths)

   rC:        It protects you from cold.
   Fly:       It grants you flight.
   *Noise:    It may make noises in combat.
Missiles
 n - 9 silver javelins
 z - 19 javelins
Armour
 a - a +0 cloak
 p - the scarf "Kiteb" (worn) {repulsion, rElec}
   (You found it in a treasure trove)

   rElec:     It insulates you from electricity.
 q - a +2 pair of gloves of hurling (worn)
 s - a +1 pair of boots (worn)
 w - the +2 ring mail of the New World {Will+ Regen+ Slay+5}
   (You found it in a treasure trove)

   Slay:      It affects your accuracy & damage with ranged weapons and melee
   (+5).
   Regen:     It increases your rate of health regeneration.
   Will:      It increases your willpower.
 D - +0 steam dragon scales (worn)
 K - a +0 helmet (worn)
 L - an orb of energy (worn)
Magical Staves
 Y - a staff of conjuration (weapon)
Jewellery
 e - the ring of Starshine {Str+3 Int+6}
   (You found it in the Desolation of Salt)

   [ring of intelligence]

   Str:       It affects your strength (+3).
   Int:       It affects your intelligence (+6).
 g - a +5 ring of evasion (left hand)
 j - the amulet of the Four Winds (around neck) {rN+ Will+++ Clar}
   (You bought it in a shop on level 13 of the Dungeon)

   [amulet of nothing]

   rN:        It protects you from negative energy.
   Clar:      It protects you from confusion, rage, mesmerisation and fear.
   Will:      It greatly increases your willpower.
 x - a ring of see invisible
 y - the ring of the Endless Expanse {rPois Dex+6}
   (You found it in a treasure trove)

   [ring of dexterity]

   Dex:       It affects your dexterity (+6).
   rPois:     It protects you from poison.
 B - a ring of fire
 I - the ring "Notiw" (right hand) {rElec Int+3 Dex+6}
   (You found it on level 1 of the Lair of Beasts)

   [ring of dexterity]

   Int:       It affects your intelligence (+3).
   Dex:       It affects your dexterity (+6).
   rElec:     It insulates you from electricity.
 T - the amulet "Zuemyfio" {RegenMP +Blink Regen+}
   (You found it on level 3 of the Vaults)

   [amulet of magic regeneration]

   It increases your rate of magic regeneration.
   +Blink:    It lets you blink.
   Regen:     It increases your rate of health regeneration.
Wands
 M - a wand of iceblast (71)
 P - a wand of digging (10)
 Q - a wand of light (29)
Scrolls
 i - 5 scrolls of immolation
 l - 5 scrolls of vulnerability
 o - 14 scrolls of teleportation
 t - 4 scrolls of magic mapping
 E - 5 scrolls of brand weapon
 G - 3 scrolls of fog
 S - 3 scrolls of silence
 V - 6 scrolls of fear
 W - 3 scrolls of amnesia
 X - 3 scrolls of enchant armour
Potions
 c - 3 potions of flight
 d - 24 potions of curing
 h - 5 potions of mutation
 k - 2 potions of berserk rage
 m - 4 potions of resistance
 r - a potion of heal wounds
 u - 4 potions of cancellation
 v - 7 potions of haste
 H - 7 potions of might
 N - 11 potions of brilliance
 O - 4 potions of magic
 R - a potion of ambrosia
 U - 2 potions of invisibility
Miscellaneous
 f - a phial of floods
 Z - a phantom mirror


   Skills:
 + Level 19.7 Fighting
 + Level 16.4 Short Blades
 + Level 16.4 Long Blades
 + Level 16.4 Axes
 + Level 16.4 Maces & Flails
 + Level 16.4 Polearms
 + Level 16.4 Staves
 + Level 18.3 Ranged Weapons
 + Level 16.4 Throwing
 + Level 18.3 Armour
 + Level 17.0 Dodging
 + Level 16.9 Stealth
 + Level 16.4 Shields
 + Level 16.4 Unarmed Combat
 + Level 17.1 Spellcasting
 + Level 15.5 Conjurations
 + Level 14.0 Hexes
 + Level 14.0 Summonings
 + Level 14.0 Necromancy
 + Level 14.0 Translocations
 + Level 14.0 Transmutations
 + Level 14.0 Fire Magic
 + Level 14.1 Ice Magic
 + Level 14.0 Air Magic
 + Level 14.0 Earth Magic
 + Level 14.0 Poison Magic
 + Level 17.8 Invocations
 + Level 16.4 Evocations


You had 6 spell levels left.
You knew the following spells:

 Your Spells              Type           Power      Damage    Failure   Level
a - Discord               Hex            45%        N/A       47%         8
b - Disjunction           Tloc           45%        N/A       47%         8
d - Fulminant Prism       Conj/Hex       58%        3d25      1%          4
g - Iron Shot             Conj/Erth      58%        9d11      3%          6
h - Conjure Ball Lightni  Conj/Air       58%        3x3d21    3%          6
i - Manifold Assault      Tloc           91%        N/A       1%          4
j - Monstrous Menagerie   Summ           45%        N/A       11%         7
k - Summon Hydra          Summ           45%        N/A       11%         7

Your spell library contained the following spells:

 Spells                   Type           Power      Damage    Failure   Level
 Freeze                   Ice            100%       1d10      1%          1
 Magic Dart               Conj           100%       1d8       1%          1
 Necrotise                Necr           100%       1d9       1%          1
 Sandblast                Erth           100%       2d20      1%          1
 Shock                    Conj/Air       100%       1d9       1%          1
 Slow                     Hex            100%       N/A       1%          1
 Sting                    Tmut/Pois      100%       1d8       1%          1
 Summon Small Mammal      Summ           100%       N/A       1%          1
 Blink                    Tloc           100%       N/A       1%          2
 Ensorcelled Hibernation  Hex/Ice        100%       N/A       1%          2
 Lesser Beckoning         Tloc           100%       N/A       1%          2
 Momentum Strike          Conj/Tloc      100%       3d10      1%          2
 Passwall                 Tmut/Erth      75%        N/A       1%          2
 Poisonous Vapours        Pois/Air       100%       N/A       1%          2
 Searing Ray              Conj           100%       2d8       1%          2
 Static Discharge         Conj/Air       100%       2-7/arc   1%          2
 Sublimation of Blood     Necr           91%        N/A       1%          2
 Wereblood                Tmut           91%        N/A       1%          2
 Confusing Touch          Hex            91%        N/A       1%          3
 Dazzling Flash           Conj/Hex       100%       N/A       1%          3
 Frozen Ramparts          Ice            100%       1d16      1%          3
 Hailstorm                Conj/Ice       100%       3d20      1%          3
 Inner Flame              Hex/Fire       91%        N/A       1%          3
 Portal Projectile        Hex/Tloc       100%       N/A       1%          3
 Stone Arrow              Conj/Erth      100%       3d13      1%          3
 Swiftness                Air            91%        N/A       1%          3
 Tukima's Dance           Hex            91%        N/A       1%          3
 Vampiric Draining        Necr           91%        2d12      1%          3
 Vhi's Electric Charge    Tloc/Air       100%       N/A       1%          3
 Volatile Blastmotes      Fire/Tloc      100%       2d18      1%          3
 Airstrike                Air            45%        2d(7-23)  1%          4
 Anguish                  Hex/Necr       45%        N/A       1%          4
 Animate Armour           Summ/Erth      100%       N/A       1%          4
 Cause Fear               Hex            45%        N/A       1%          4
 Ice Form                 Ice/Tmut       91%        N/A       1%          4
 Iskenderun's Mystic Bla  Conj/Tloc      100%       2d19      1%          4
 Leda's Liquefaction      Hex/Erth       45%        N/A       1%          4
 Passage of Golubria      Tloc           91%        N/A       1%          4
 Summon Ice Beast         Ice/Summ       91%        N/A       1%          4
 Summon Lightning Spire   Summ/Air       91%        N/A       1%          4
 Arcjolt                  Conj/Air       58%        1d68      1%          5
 Blade Hands              Tmut           45%        N/A       1%          5
 Borgnjor's Vile Clutch   Necr/Erth      45%        N/A       1%          5
 Yara's Violent Unravell  Hex/Tmut       45%        3d18      1%          5
 Plasma Beam              Fire/Air       45%        2x1d65    3%          6
 Dragon Form              Tmut           45%        N/A       11%         7
 Enfeeble                 Hex            45%        N/A       11%         7
 Storm Form               Tmut/Air       45%        N/A       11%         7
 Ignition                 Fire           45%        3d13      47%         8
 Maxwell's Capacitive Co  Air            45%        ∞         47%         8
 Death's Door             Necr           45%        N/A       99%         9
 Dragon's Call            Summ           45%        N/A       99%         9


Dungeon Overview and Level Annotations

Branches:
Dungeon (15/15) Zot: 21507  Temple (1/1) D:4 Zot: 5686    Lair (5/5) D:11 Zot: 16642
 Shoals (4/4) Lair:3 Zot: 13106  Spider (4/4) Lair:2 Zot: 13778   Slime (0/5) Lair:4
    Orc (2/2) D:12 Zot: 9391     Elf (3/3) Orc:2 Zot: 5796  Vaults (4/5) D:13 Zot: 18103
  Crypt (0/3) Vaults:2     Depths (2/4) D:15 Zot: 9708   IceCv (visited)
 WizLab (visited)         Desolation (visited)

Altars:
Ashenzari
Cheibriados
Dithmenos
Elyvilon
Fedhas
Gozag
Hepliaklqana
Kikubaaqudgha
Makhleb
Nemelex Xobeh
Okawaru
Qazlal
Ru
Sif Muna
Trog
Uskayaw
Vehumet
Wu Jian
Xom
Yredelemnul
Zin
The Shining One
Jiyva
Lugonu

Shops:
D:5 :   D:9 :   D:11 (*(!=   D:12 (   D:13 **(*[   D:15 *   Orc:1 ?
Orc:2 [!(*   Elf:3 *   Shoals:3 :   Vaults:3 *   Vaults:4 !

Portals:
Hell: Depths:1
Abyss: Lair:5
Pandemonium: Depths:1
Ziggurat: Depths:1

Annotations:
D:6 1 runed translucent door, jimonade's ghost, novice KoBr
Elf:2 3 runed translucent doors


Innate Abilities, Weirdness & Mutations

You have very sharp teeth.
Your uncanny sense of smell can sniff out nearby items.
Your experience applies equally to all skills.


Message History

The titan misses you.
You hear a deafening roar!
Your Dodging skill increases to level 17!
Your Hexes skill increases to level 14!
Your Summonings skill increases to level 14!
Your Necromancy skill increases to level 14!
Your Translocations skill increases to level 14!
Your Transmutations skill increases to level 14!
Your Fire Magic skill increases to level 14!
Your Air Magic skill increases to level 14!
Your Earth Magic skill increases to level 14!
Your Poison Magic skill increases to level 14!
You climb upwards.
There is a stone staircase leading down, spattered with blood here.
Okay, then.
You feel much better. The titan hits you but does no damage.
You feel much better. The titan misses you.
Casting: Conjure Ball Lightning (mildly dangerous; 3% risk of failure)
Confirm with . or Enter, or press ? or * to list all spells.
Aiming: Iron Shot (mildly dangerous; 3% risk of failure)
Press: ? - help, Shift-Dir - straight line, f - titan
Aim: a titan (soul bound, 98% to hit)
You feel a surge of power!
The iron shot hits the titan!!
The titan is moderately wounded.
The titan hits you!!!
* * * LOW HITPOINT WARNING * * *
Casting: Iron Shot (mildly dangerous; 3% risk of failure)
Confirm with . or Enter, or press ? or * to list all spells.
Aiming: Iron Shot (mildly dangerous; 3% risk of failure)
Press: ? - help, Shift-Dir - straight line, f/p - titan
Aim: a titan (moderately wounded, soul bound, 98% to hit)
Okay, then.
You feel much better.
The titan gestures at you while chanting.
The bolt of lightning hits you. You resist.
* * * LOW HITPOINT WARNING * * *
You feel much better. The titan hits you!!
* * * LOW HITPOINT WARNING * * *
You feel much better. The titan hits you!!
You die...

###.#...###..##.##..## #.#####..
#...'....###....[..#####.##.....
#.#.#.....###.....###....##...##
#.#.#......###..)#######.##.....
#.#.#.......#.#.###.# #.#####..
#.#.#.........#.# #.# #.# #.#..
#.#.#.........#.# #.####.###.#..
#...#.........#.###.##.....'.##'
###'##.........#@....##.#####..#.
.......######'##C######.# #..#.
.......######.##.# ##'#####..#.
.......#......##.#####...§.....##
.......'.............'..≈≈§≈≈≈...
.......#.###.###.#.###..§####≈...
...[...#.# #.# #.#.# #..≈# #≈...
...[...#.# #.# #.#.# #..≈# #≈...
.......#.# #.# #.#.# #..§####≈...


You could see a titan (soul bound).

Vanquished Creatures
  A golden dragon (Vaults:3)
  Nikola (Spider:2)
  Arachne (Spider:3)
  An electric golem (WizLab)
  An Ice Fiend (Depths:1)
  Rupert (D:14)
  2 titans
  5 deep elf master archers (Elf:3)
  2 deep elf blademasters (Elf:3)
  A kraken (Shoals:4)
  Frances (D:14)
  Polyphemus (Shoals:2)
  7 sphinxes
  Gastronok (D:10)
  Kirke (Spider:2)
  A tengu reaver (Vaults:5)
  Agnes (Spider:3)
  A shadow dragon (Vaults:3)
  8 emperor scorpions
  4 fire giants
  4 deep elf sorcerers (Elf:3)
  15 vault wardens
  Aizul (Lair:3)
  2 imperial myrmidons (Desolation)
  2 balrugs (Depths:1)
  3 frost giants
  5 ghost moths
  2 orc warlords
  2 deep elf elementalists (Elf:3)
  3 war gargoyles
  15 ironbound thunderhulks
  10 ironbound preservers
  12 very ugly things
  6 stone giants
  A broodmother (Spider:4)
  A vampire knight (Depths:2)
  The ghost of Cunint the Bludgeoner, a journeyman MiBe of Trog (D:13)
  4 dire elephants (Vaults:1)
  5 deep elf demonologists
  5 halazid warlocks (Desolation)
  Azrael (Elf:1)
  5 deep elf annihilators (Elf:3)
  6 spark wasps (Depths:1)
  The ghost of AiryTheDragon the Thaumaturge, a journeyman DsHW of Hepliaklqana (Elf:1)
  7 merfolk javelineers (Shoals:4)
  7 ettins
  5 deep elf death magi (Elf:3)
  11 merfolk impalers
  4 fire dragons
  6 yaktaur captains
  Josephine (Orc:2)
  9 great orbs of eyes
  An entropy weaver (Vaults:4)
  2 crystal guardians
  11 ragged hierophants (Desolation)
  A deep elf high priest (Elf:3)
  9 vault guards
  7 hydras
  9 peacekeepers
  A rakshasa (D:14)
  A salamander tyrant (WizLab)
  2 ice dragons (shapeshifter)
  4 servants of whispers (Desolation)
  A radroach (Spider:3)
  4 centaur warriors
  3 ice dragons
  3 jorogumos
  A merfolk avatar (Shoals:1)
  3 catoblepae
  10 ironbound frosthearts
  8 merfolk aquamancers
  A satyr (Shoals:3)
  13 boulder beetles
  10 dancing weapons
  7 two-headed ogres
  5 death yaks
  A vampire mage (Depths:1)
  7 deep troll shamans
  A two-headed ogre (shapeshifter) (D:14)
  4 orc high priests
  6 tengu warriors
  A deep troll earth mage (Depths:1)
  Urug (D:10)
  8 nameless horrors
  3 thrashing horrors (Lair:5)
  3 spriggan berserkers (Depths:1)
  5 hell knights
  Nergalle (D:10)
  23 deep elf knights
  A soul eater (Depths:1)
  7 skysharks
  6 pharaoh ants
  8 skeletal warriors
  A sea snake (shapeshifter) (D:14)
  3 sun moths
  A skyshark (shapeshifter) (Vaults:2)
  10 orb spiders
  12 sea snakes
  9 lindwurms
  A spriggan rider (Depths:2)
  32 deep trolls
  6 deep elf archers
  24 harpies
  4 orc knights
  5 wizards
  23 deep elf zephyrmancers
  3 phantasmal warriors
  2 necromancers
  8 steelbarb worms
  24 ironbound convokers
  30 deep elf pyromancers
  29 ugly things
  6 orc sorcerers
  19 wolf spiders
  A moth of wrath (Spider:4)
  3 salamanders (WizLab)
  A cyclops (shapeshifter) (Vaults:5)
  16 manticores
  A shadow dragon skeleton (Vaults:2)
  2 cyclopes (D:13)
  3 oklob plants
  2 tengu skeletons (Vaults:2)
  2 guardian serpents (Desolation)
  3 ice statues (IceCv)
  A stone giant skeleton (Vaults:2)
  7 water nymphs
  5 merfolk sirens
  5 black mambas
  Joseph (D:7)
  8 cane toads
  13 vault sentinels
  6 demonic crawlers
  6 human skeletons
  A black mamba (shapeshifter) (Lair:5)
  2 torpor snails
  10 gargoyles
  A molten gargoyle (WizLab)
  9 smoke demons
  A hellion (Depths:2)
  A freezing wraith (D:15)
  A yaktaur zombie (Vaults:1)
  Psyche (D:10)
  A yaktaur (shapeshifter) (D:13)
  7 komodo dragons
  An unseen horror (D:11)
  An anaconda simulacrum (IceCv)
  29 yaktaurs
  3 tengu conjurers (D:14)
  5 rime drakes
  2 ancient zymes (Lair:5)
  3 efreet
  A red devil (Depths:2)
  A troll (shapeshifter) (D:14)
  7 trolls
  A yaktaur skeleton (Vaults:2)
  A hellwing (Depths:2)
  3 polar bears
  53 saltlings (Desolation)
  22 merfolk
  21 tarantellas
  11 wind drakes
  4 hornets
  A hornet (shapeshifter) (Lair:5)
  A fire giant simulacrum (Vaults:1)
  28 blink frogs
  8 snapping turtles
  5 dream sheep (Lair:5)
  A culicivora (shapeshifter) (D:15)
  15 culicivoras
  A centaur simulacrum (D:14)
  31 jumping spiders
  Sigmund (D:4)
  23 water elementals
  61 yaks
  26 slime creatures
  3 ettin skeletons
  3 vampires
  16 air elementals
  A ynoxinul (Lair:5)
  8 wraiths
  3 spriggans
  10 humans
  5 hogs
  9 basilisks
  8 wyverns
  A death yak simulacrum (IceCv)
  44 redbacks
  2 steam dragons
  6 fire elementals
  9 vampire mosquitoes
  5 wargs
  A chaos spawn (Lair:5)
  A neqoxec (Depths:1)
  A harpy simulacrum (IceCv)
  5 swamp worms (Lair:1)
  12 water moccasins
  2 acid dragons
  11 hell hounds
  A large abomination (Lair:5)
  25 orc warriors
  2 spriggan simulacra (Depths:1)
  An ice beast (D:7)
  4 black bears
  7 ogres
  A sky beast (D:7)
  13 wolves
  6 small abominations
  A tengu (shapeshifter) (D:13)
  11 centaurs
  A kobold brigand (D:9)
  3 cane toad simulacra (IceCv)
  13 bullfrogs
  11 earth elementals
  3 scorpions
  10 wights
  An elephant simulacrum (IceCv)
  15 killer bees
  5 howler monkeys
  7 electric eels
  3 jellies
  24 orc priests
  2 hounds
  8 iguanas
  A sleepcap (D:6)
  35 orc wizards
  2 lightning spires (WizLab)
  6 hell rats
  A wolf simulacrum (IceCv)
  4 gnolls (D:6)
  9 adders
  4 shadow imps
  A white imp (D:7)
  An ufetubus (D:5)
  A worm (D:4)
  A dart slug (D:5)
  85 orcs
  8 bats
  9 endoplasms
  3 giant cockroaches (D:4)
  5 hobgoblins
  3 jackals (D:5)
  13 kobolds
  5 quokkas
  3 training dummies (D:12)
  7 ball pythons
  6 frilled lizards
  6 goblins
  5 rats
  A ball lightning (Spider:4)
  5 tentacles (Shoals:4)
1725 creatures vanquished.

Vanquished Creatures (collateral kills)
  Saint Roka (Vaults:3)
  A storm dragon (Vaults:5)
  A frost giant (Vaults:5)
  2 ironbound preservers
  An orc warlord (Vaults:2)
  3 ironbound thunderhulks
  2 very ugly things
  An entropy weaver (Vaults:2)
  A servant of whispers (Desolation)
  19 vault guards (Vaults:5)
  An ironbound frostheart (Vaults:3)
  A skyshark (Shoals:1)
  A glowing orange brain (Vaults:3)
  5 deep trolls
  3 lindwurms (Vaults:3)
  An ironbound convoker (Vaults:3)
  2 orc knights (Vaults:2)
  A faun (Shoals:1)
  A vault sentinel (Vaults:5)
  A yaktaur (Vaults:2)
  2 trolls (Vaults:3)
  A saltling (Desolation)
  A culicivora (Vaults:2)
  A warg (Vaults:3)
  2 orc warriors (Vaults:3)
  A nameless horror (Vaults:2)
  An orc priest (Vaults:3)
  An orc wizard (Vaults:3)
  An orc (Vaults:3)
  42 ball lightnings
102 creatures vanquished.

Vanquished Creatures (others)
  3 vault guards (Vaults:5)
  A wolf spider (Spider:4)
  A saltling (Desolation)
  An air elemental (Elf:1)
  A human (D:13)
  A dancing weapon (D:11)
  A redback (Spider:4)
  An orc priest (Orc:2)
  4 orc wizards
  1734 ball lightnings
  254 fulminant prisms
  4 tentacles (Shoals:4)
2006 creatures vanquished.

Grand Total: 3833 creatures vanquished

Notes
Turn   | Place    | Note
-------+----------+-------------------------------------------
     0 | D:1      | holysushi the Gnoll Conjurer began the quest for the Orb.
     0 | D:1      | Reached XP level 1. HP: 13/13 MP: 6/6
    62 | D:1      | Found a faded altar of an unknown god.
   378 | D:1      | Reached XP level 2. HP: 19/19 MP: 4/7
   500 | D:1      | Learned a level 2 spell: Searing Ray
   865 | D:1      | You fall into a shaft and drop 1 floor!
  1040 | D:1      | Reached skill level 5 in Spellcasting
  1040 | D:1      | Reached XP level 3. HP: 25/25 MP: 7/9
  1151 | D:1      | Prayed at the altar of an unknown god.
  1151 | D:1      | Became a worshipper of Ru the Awakened
  1212 | D:2      | Reached skill level 1 in Invocations
  1751 | D:2      | Reached skill level 1 in Fighting
  1751 | D:2      | Reached skill level 1 in Short Blades
  1751 | D:2      | Reached skill level 1 in Long Blades
  1751 | D:2      | Reached skill level 1 in Axes
  1751 | D:2      | Reached skill level 1 in Maces & Flails
  1751 | D:2      | Reached skill level 1 in Polearms
  1751 | D:2      | Reached skill level 1 in Staves
  1751 | D:2      | Reached skill level 1 in Ranged Weapons
  1751 | D:2      | Reached skill level 1 in Throwing
  1751 | D:2      | Reached skill level 1 in Armour
  1751 | D:2      | Reached skill level 1 in Shields
  1751 | D:2      | Reached skill level 1 in Unarmed Combat
  1751 | D:2      | Reached skill level 1 in Evocations
  2114 | D:2      | Learned a level 3 spell: Dazzling Flash
  2142 | D:3      | Reached XP level 4. HP: 32/32 MP: 8/11
  2315 | D:3      | Reached skill level 1 in Hexes
  2315 | D:3      | Reached skill level 1 in Summonings
  2315 | D:3      | Reached skill level 1 in Necromancy
  2315 | D:3      | Reached skill level 1 in Translocations
  2315 | D:3      | Reached skill level 1 in Transmutations
  2315 | D:3      | Reached skill level 1 in Fire Magic
  2315 | D:3      | Reached skill level 1 in Ice Magic
  2315 | D:3      | Reached skill level 1 in Air Magic
  2315 | D:3      | Reached skill level 1 in Earth Magic
  2315 | D:3      | Reached skill level 1 in Poison Magic
  2542 | D:3      | Reached XP level 5. HP: 37/37 MP: 6/12
  3078 | D:4      | Noticed Sigmund
  3081 | D:4      | Killed Sigmund
  3082 | D:4      | Reached skill level 2 in Fighting
  3082 | D:4      | Reached skill level 5 in Dodging
  3082 | D:4      | Reached XP level 6. HP: 44/44 MP: 9/14
  3154 | D:4      | Noticed a sky beast
  3179 | D:4      | Fell from the grace of Ru
  3664 | D:4      | Noticed an acid dragon
  4091 | D:4      | Reached XP level 7. HP: 50/50 MP: 9/15
  4271 | D:3      | Learned a level 4 spell: Fulminant Prism
  4296 | D:4      | Found a staircase to the Ecumenical Temple.
  4413 | D:3      | Reached skill level 5 in Stealth
  4493 | Temple   | Entered the Ecumenical Temple
  4660 | Temple   | Became a worshipper of Zin the Law-Giver
  4660 | Temple   | Reached * piety under Zin
  4926 | D:5      | Entered Level 5 of the Dungeon
  5047 | D:5      | Reached ** piety under Zin
  6062 | D:4      | Reached skill level 3 in Fighting
  6062 | D:4      | Reached XP level 8. HP: 58/58 MP: 11/16
  6557 | D:5      | Found Dudoal's Tremendous Tomes.
  7284 | D:6      | Found an iron altar of Okawaru.
  7601 | D:6      | Found a sparkling altar of Nemelex Xobeh.
  7654 | D:6      | Found a runed translucent door.
  7655 | D:6      | Noticed jimonade's ghost (novice KoBr)
  7745 | D:6      | Upgraded the game from 0.31-a0-18-gea43df2a32 to
                  | 0.31-a0-23-gcbde74481b
  7791 | D:7      | Reached *** piety under Zin
  7799 | D:7      | Noticed Joseph
  7922 | D:7      | Killed Joseph
  7923 | D:7      | Reached skill level 4 in Fighting
  7923 | D:7      | Reached XP level 9. HP: 32/65 MP: 2/18
  8193 | D:7      | Noticed a hornet
  8200 | D:7      | Killed a hornet
  8542 | D:7      | Reached skill level 5 in Invocations
  9084 | D:7      | Found an ancient bone altar of Kikubaaqudgha.
  9490 | D:8      | Noticed a two-headed ogre
  9559 | D:8      | Reached skill level 5 in Fighting
  9559 | D:8      | Reached skill level 5 in Short Blades
  9559 | D:8      | Reached skill level 5 in Long Blades
  9559 | D:8      | Reached skill level 5 in Axes
  9559 | D:8      | Reached skill level 5 in Maces & Flails
  9559 | D:8      | Reached skill level 5 in Polearms
  9559 | D:8      | Reached skill level 5 in Staves
  9559 | D:8      | Reached skill level 5 in Ranged Weapons
  9559 | D:8      | Reached skill level 5 in Throwing
  9559 | D:8      | Reached skill level 5 in Armour
  9559 | D:8      | Reached skill level 5 in Shields
  9559 | D:8      | Reached skill level 5 in Unarmed Combat
  9559 | D:8      | Reached skill level 5 in Evocations
  9559 | D:8      | Reached XP level 10. HP: 22/74 MP: 4/20
 10148 | D:8      | Killed a two-headed ogre
 10275 | D:8      | Noticed a two-headed ogre
 10405 | D:8      | Noticed a two-headed ogre
 10409 | D:8      | Noticed a two-headed ogre
 10531 | D:8      | Identified the +8 hand axe "Zuvyrep" {drain, *Corrode rC++
                  | Will+ Dex+3}
 10539 | D:8      | Reached **** piety under Zin
 11031 | D:8      | Killed a two-headed ogre
 11140 | D:8      | Noticed a gargoyle
 11195 | D:8      | Killed a two-headed ogre
 11301 | D:8      | Killed a gargoyle
 11302 | D:8      | Reached skill level 6 in Fighting
 11302 | D:8      | Reached skill level 5 in Hexes
 11302 | D:8      | Reached skill level 5 in Summonings
 11302 | D:8      | Reached skill level 5 in Necromancy
 11302 | D:8      | Reached skill level 5 in Translocations
 11302 | D:8      | Reached skill level 5 in Transmutations
 11302 | D:8      | Reached skill level 5 in Fire Magic
 11302 | D:8      | Reached skill level 5 in Ice Magic
 11302 | D:8      | Reached skill level 5 in Air Magic
 11302 | D:8      | Reached skill level 5 in Earth Magic
 11302 | D:8      | Reached skill level 5 in Poison Magic
 11428 | D:8      | Found the +6 shillelagh "Devastator" {shatter}
 11642 | D:8      | Killed a two-headed ogre
 11643 | D:8      | Reached XP level 11. HP: 81/81 MP: 3/23
 13139 | D:9      | Found Tanaane's Self-Improvement Boutique.
 13417 | D:10     | Entered Level 10 of the Dungeon
 13482 | D:10     | Noticed a two-headed ogre
 13494 | D:10     | Killed a two-headed ogre
 13768 | D:10     | Noticed Psyche
 13771 | D:10     | Killed Psyche
 13856 | D:10     | Noticed Nergalle
 14016 | D:10     | Noticed Gastronok
 14150 | D:10     | Killed Nergalle
 14881 | D:11     | Found Cuviavimao's Weapon Shoppe.
 14898 | D:11     | Noticed Urug
 14924 | D:11     | Noticed a boulder beetle
 14997 | D:10     | Learned a level 3 spell: Tukima's Dance
 15001 | D:10     | Learned a level 3 spell: Stone Arrow
 15013 | D:10     | Killed Urug
 15014 | D:10     | Reached skill level 7 in Fighting
 15347 | D:11     | Found a staircase to the Lair.
 15402 | D:11     | Reached XP level 12. HP: 82/91 MP: 16/24
 15416 | D:11     | Noticed a boulder beetle
 15451 | D:11     | Killed a boulder beetle
 15677 | Lair:1   | Entered Level 1 of the Lair of Beasts
 16112 | Lair:1   | Found a transporter.
 16182 | Lair:1   | Reached ***** piety under Zin
 16663 | Lair:1   | Identified the ring "Notiw" {rElec Int+3 Dex+6}
 16737 | Lair:1   | Found a transporter.
 17128 | Lair:2   | Noticed a catoblepas
 17609 | Lair:1   | Killed a catoblepas
 18361 | Lair:2   | Found a hole to the Spider Nest.
 18862 | Lair:3   | Reached skill level 8 in Fighting
 19136 | Lair:3   | Learned a level 6 spell: Iron Shot
 19176 | Lair:3   | Reached XP level 13. HP: 98/98 MP: 12/26
 19532 | Lair:3   | Reached skill level 10 in Conjurations
 20671 | Lair:4   | Found a glowing golden altar of the Shining One.
 20911 | Lair:4   | You fall into a shaft and drop 1 floor!
 20911 | Lair:5   | Entered Level 5 of the Lair of Beasts
 21045 | Lair:5   | Reached skill level 10 in Spellcasting
 21646 | Lair:5   | Learned a level 6 spell: Conjure Ball Lightning
 22014 | Lair:4   | Reached skill level 10 in Dodging
 22067 | Lair:4   | Found a viscous altar of Jiyva.
 22069 | Lair:4   | Found a staircase to the Slime Pits.
 22681 | Lair:4   | Reached skill level 9 in Fighting
 23462 | Lair:5   | Reached skill level 10 in Stealth
 23997 | Lair:5   | Reached XP level 14. HP: 63/108 MP: 17/28
 24173 | Lair:5   | Reached skill level 10 in Invocations
 24673 | Lair:5   | Identified the +2 leather armour "Zimuzeag" {-Tele rF+++
                  | Int+3 Dex-5}
 25711 | Lair:5   | Found a corrupted altar of Lugonu.
 25711 | Lair:5   | Found a one-way gate to the infinite horrors of the Abyss.
 26343 | Lair:1   | Identified the +0 pair of boots "Diar" {+Inv rC+ Str-5
                  | Stlth+}
 26668 | D:11     | Identified the +7 long sword of Day {spect, rC- Str+4
                  | Dex+2}
 27196 | D:11     | Found Vowauv's Antique Weapon Shoppe.
 27199 | D:11     | Bought a transparent halberd for 234 gold pieces
 27199 | D:11     | Identified the +3 halberd of Jeufu {drain, rF+ Dex+6} (You
                  | bought it in a shop on level 11 of the Dungeon)
 27308 | D:11     | Found Seug's Jewellery Boutique.
 27451 | D:11     | Found Deynes's Distillery.
 27495 | D:11     | Found Bocyelog's General Store.
 27503 | D:11     | Bought a scroll of acquirement for 572 gold pieces
 27505 | D:11     | Acquired 815 gold pieces
 27506 | D:11     | Reached ****** piety under Zin
 27789 | D:12     | Found a staircase to the Orcish Mines.
 27863 | D:12     | Found Irelud's Firing Range.
 27894 | D:12     | Found a portal to a secret trove of treasure.
 28724 | D:12     | Got the Enchiridion on Fey Malignant Deeds
 29191 | D:13     | Found Sebrev's Magic Scroll Shoppe.
 29223 | D:13     | Found a frozen archway.
 29252 | IceCv    | Entered an ice cave
 30043 | IceCv    | Reached skill level 10 in Fighting
 30043 | IceCv    | Reached skill level 10 in Short Blades
 30043 | IceCv    | Reached skill level 10 in Long Blades
 30043 | IceCv    | Reached skill level 10 in Axes
 30043 | IceCv    | Reached skill level 10 in Maces & Flails
 30043 | IceCv    | Reached skill level 10 in Polearms
 30043 | IceCv    | Reached skill level 10 in Staves
 30043 | IceCv    | Reached skill level 10 in Ranged Weapons
 30043 | IceCv    | Reached skill level 10 in Throwing
 30043 | IceCv    | Reached skill level 10 in Armour
 30043 | IceCv    | Reached skill level 10 in Shields
 30043 | IceCv    | Reached skill level 10 in Unarmed Combat
 30043 | IceCv    | Reached skill level 10 in Evocations
 30271 | D:13     | Found Iquddag's Assorted Antiques.
 30847 | D:13     | Found Toraefyu's Antique Armour Emporium.
 30885 | D:13     | Found Daomok's Weapon Emporium.
 30984 | D:13     | Reached XP level 15. HP: 114/115 MP: 11/30
 31072 | D:13     | Found a runed translucent gate.
 31073 | D:13     | Found a runed translucent gate.
 31073 | D:13     | Found a runed translucent gate.
 31073 | D:13     | Found an opulent altar of Gozag.
 31082 | D:13     | Found Xeodac's Assorted Antiques.
 31082 | D:13     | Noticed Cunint's ghost (journeyman MiBe)
 31506 | D:13     | Found a gate to the Vaults.
 31789 | D:13     | Found Ifoy's General Store.
 32285 | D:13     | Bought a fine leather armour for 217 gold pieces
 32285 | D:13     | Identified the +0 leather armour "Jemischi" {rF+} (You
                  | bought it in a shop on level 13 of the Dungeon)
 32719 | D:13     | Killed Cunint's ghost
 32907 | D:13     | Bought the amulet of the Four Winds {rN+ Will+++ Clar} for
                  | 910 gold pieces
 32907 | D:13     | Found the amulet of the Four Winds {rN+ Will+++ Clar}
 32970 | Orc:1    | Entered Level 1 of the Orcish Mines
 33505 | Orc:1    | Found Ithycw's Magic Scroll Shoppe.
 33624 | Orc:2    | Entered Level 2 of the Orcish Mines
 34021 | Orc:2    | Found a staircase to the Elven Halls.
 34258 | Orc:2    | Found a radiant altar of Vehumet.
 34431 | Orc:2    | Found Pegueg's Assorted Antiques.
 34431 | Orc:2    | Found Zigorch's Antique Weapon Boutique.
 34432 | Orc:2    | Found Zagaalur's Antique Armour Shop.
 34436 | Orc:2    | Found Uloewn's Distillery.
 34501 | Orc:2    | Noticed Josephine
 34518 | Orc:2    | Killed Josephine
 35423 | D:14     | Noticed Rupert
 35433 | D:14     | Killed Rupert
 35442 | D:14     | Noticed Frances
 36842 | D:14     | Killed Frances
 39147 | D:15     | Entered Level 15 of the Dungeon
 39633 | D:15     | Reached XP level 16. HP: 77/124 MP: 6/32
 40169 | Shoals:1 | Entered Level 1 of the Shoals
 40281 | Shoals:1 | Reached skill level 11 in Fighting
 40284 | Shoals:1 | Noticed Aizul
 40547 | Lair:3   | Killed Aizul
 42903 | Shoals:2 | Noticed Polyphemus
 43588 | Shoals:2 | Killed Polyphemus
 44211 | Shoals:3 | Found a white marble altar of Elyvilon.
 45239 | Shoals:3 | Found Mionoef's Book Emporium.
 45248 | Shoals:3 | Bought an Inescapable Atlas for 640 gold pieces
 45254 | Shoals:3 | Learned a level 4 spell: Manifold Assault
 45573 | Shoals:4 | Entered Level 4 of the Shoals
 47276 | Shoals:4 | Found a stormy altar of Qazlal.
 47514 | Shoals:4 | Reached XP level 17. HP: 124/133 MP: 17/33
 47537 | Shoals:4 | Paralysed by an air elemental for 1 turns
 47722 | Shoals:4 | Paralysed by an air elemental for 1 turns
 47769 | Shoals:4 | Paralysed by an air elemental for 1 turns
 48085 | Shoals:4 | Noticed a titan
 48262 | Shoals:4 | Reached skill level 10 in Hexes
 48262 | Shoals:4 | Reached skill level 10 in Summonings
 48262 | Shoals:4 | Reached skill level 10 in Necromancy
 48262 | Shoals:4 | Reached skill level 10 in Translocations
 48262 | Shoals:4 | Reached skill level 10 in Transmutations
 48262 | Shoals:4 | Reached skill level 10 in Fire Magic
 48262 | Shoals:4 | Reached skill level 10 in Ice Magic
 48262 | Shoals:4 | Reached skill level 10 in Air Magic
 48262 | Shoals:4 | Reached skill level 10 in Earth Magic
 48262 | Shoals:4 | Reached skill level 10 in Poison Magic
 49082 | Shoals:4 | Killed a titan
 49228 | Shoals:4 | Noticed a kraken
 49235 | Shoals:4 | Killed a kraken
 49515 | Shoals:4 | Got a barnacled rune of Zot
 49526 | Shoals:4 | Got Sevud's Omnibus of the Mortuary Hornet
 49892 | Shoals:4 | Reached skill level 12 in Fighting
 50146 | Shoals:4 | Paralysed by an air elemental for 1 turns
 50289 | Shoals:4 | Paralysed by an air elemental for 1 turns
 50392 | Shoals:4 | Paralysed by an air elemental for 1 turns
 50485 | Shoals:4 | Found a glowing golden altar of the Shining One.
 50624 | Shoals:4 | Paralysed by an air elemental for 1 turns
 50924 | Shoals:4 | Paralysed by an air elemental for 1 turns
 51684 | D:15     | Found a basalt altar of Yredelemnul.
 52581 | D:15     | Found a staircase to the Depths.
 53241 | D:15     | Found Nythrog's General Store.
 53697 | Spider:1 | Entered Level 1 of the Spider Nest
 54958 | Spider:1 | Reached skill level 13 in Fighting
 55272 | Spider:1 | Reached XP level 18. HP: 135/143 MP: 28/35
 56632 | Spider:1 | Upgraded the game from 0.31-a0-23-gcbde74481b to
                  | 0.31-a0-37-g98a128e1d9
 56874 | Spider:1 | HP: 3/143 [spore (10)]
 57919 | Spider:2 | Noticed Nikola
 57927 | Spider:2 | Killed Nikola
 58002 | Spider:2 | Identified the +6 dagger of Zimnaput {holy, rF++ Str-3
                  | Int+4}
 58375 | Spider:3 | Noticed Kirke
 58385 | Spider:2 | Killed Kirke
 58608 | Spider:3 | Noticed Arachne
 58665 | Spider:3 | Killed Arachne
 59282 | Spider:3 | Noticed Agnes
 59285 | Spider:3 | Killed Agnes
 60439 | Spider:4 | Entered Level 4 of the Spider Nest
 62166 | Spider:4 | Reached skill level 14 in Fighting
 64198 | Spider:4 | Reached XP level 19. HP: 57/153 MP: 17/37
 64964 | Spider:4 | Got a gossamer rune of Zot
 65466 | Elf:1    | Entered Level 1 of the Elven Halls
 65743 | Elf:1    | Found a radiant altar of Vehumet.
 66467 | Elf:1    | Paralysed by an air elemental for 1 turns
 66591 | Elf:1    | Noticed Azrael
 66600 | Elf:1    | Killed Azrael
 66929 | Orc:1    | Bought a scroll of acquirement for 936 gold pieces
 66933 | Orc:1    | Acquired 521 gold pieces
 67013 | Elf:1    | Found a shimmering altar of Xom.
 67017 | Elf:1    | Found a runed translucent door.
 67018 | Elf:1    | Noticed AiryTheDragon's ghost (journeyman DsHW)
 67794 | Elf:1    | Got the Guidebook on Formation
 68099 | Elf:1    | Reached skill level 15 in Fighting
 68483 | Elf:1    | Killed AiryTheDragon's ghost
 70235 | Elf:2    | Found a runed translucent gate.
 70235 | Elf:2    | Found a runed translucent gate.
 70235 | Elf:2    | Found a runed translucent gate.
 70489 | Elf:2    | Found a shimmering blue altar of Sif Muna.
 70974 | Elf:3    | Entered Level 3 of the Elven Halls
 71141 | Elf:3    | Paralysed by an air elemental for 1 turns
 71417 | Elf:3    | Reached skill level 15 in Invocations
 71417 | Elf:3    | Paralysed by an air elemental for 1 turns
 71775 | Elf:3    | Found Reureoll's General Store.
 72504 | Elf:3    | Found Reureoll's General Store.
 72887 | Elf:3    | Noticed a Brimstone Fiend
 72887 | Elf:3    | Learned a level 7 spell: Monstrous Menagerie
 72909 | Elf:3    | Was placed under penance by Zin
 73106 | Elf:3    | Identified the +4 falchion "Liruyme" {heavy, rCorr Str+3
                  | Dex+3}
 73114 | Elf:3    | Reached XP level 20. HP: 118/163 MP: 32/38
 74122 | Elf:3    | Found Reureoll's General Store.
 74672 | Elf:3    | Found Reureoll's General Store.
 75894 | Elf:3    | Found Reureoll's General Store.
 76409 | Elf:3    | Was forgiven by Zin
 76425 | Elf:3    | Identified the +2 broad axe of the Dripping Gods {freeze,
                  | rF+}
 76425 | Elf:3    | Identified the +5 falchion "Bejeuhod" {flame, rC+}
 76990 | Elf:3    | Identified the +1 chain mail of Vanity {Str+3} (You took it
                  | off an orc on level 3 of the Elven Halls)
 77134 | Elf:3    | Identified the +4 dagger "Mehittia" {flame, rPois}
 77141 | Elf:3    | Reached skill level 16 in Fighting
 77438 | Elf:3    | Identified the +7 dagger of Extermination {flame, Will++}
 77777 | Elf:3    | Got the Almanac of Ashen Malisons
 77780 | Elf:3    | Got the Vellum of the Niveous Voyage
 77790 | Elf:3    | Got the Discursus on Earthen Weather
 78136 | D:9      | Bought a manual of Armour for 1360 gold pieces
 78187 | D:10     | Killed Gastronok
 78188 | D:10     | Reached skill level 15 in Spellcasting
 78369 | Vaults:1 | Entered Level 1 of the Vaults
 78617 | Vaults:1 | Reached skill level 15 in Dodging
 78815 | Vaults:1 | Found a magical portal.
 78824 | WizLab   | Entered Maxwell's Workshop
 79450 | WizLab   | Reached skill level 15 in Stealth
 79685 | WizLab   | Identified the ring "Paevam" {Ice Will+ Dex+4}
 79687 | WizLab   | Identified the ring "Kowavede" {Fire *Corrode Drain Fly
                  | rN+++}
 80302 | WizLab   | Noticed an electric golem
 80554 | WizLab   | Killed an electric golem
 80576 | WizLab   | Identified the +5 war axe "Baeneol" {flame, *Slow Str+8
                  | Dex+3}
 80832 | Vaults:1 | Reached skill level 15 in Ranged Weapons
 80832 | Vaults:1 | Reached skill level 15 in Armour
 80893 | Vaults:1 | Reached XP level 21. HP: 56/173 MP: 18/40
 81895 | Vaults:1 | Learned a level 7 spell: Summon Hydra
 82384 | Vaults:2 | Reached skill level 17 in Fighting
 83656 | Vaults:2 | Found a staircase to the Crypt.
 83664 | Vaults:2 | Was placed under penance by Zin
 85105 | Vaults:2 | Was forgiven by Zin
 85132 | Vaults:2 | Identified the staff of poison "Tifim" {rPois Will+}
 85239 | Vaults:2 | Reached skill level 15 in Short Blades
 85239 | Vaults:2 | Reached skill level 15 in Long Blades
 85239 | Vaults:2 | Reached skill level 15 in Axes
 85239 | Vaults:2 | Reached skill level 15 in Maces & Flails
 85239 | Vaults:2 | Reached skill level 15 in Polearms
 85239 | Vaults:2 | Reached skill level 15 in Staves
 85239 | Vaults:2 | Reached skill level 15 in Throwing
 85239 | Vaults:2 | Reached skill level 15 in Shields
 85239 | Vaults:2 | Reached skill level 15 in Unarmed Combat
 85239 | Vaults:2 | Reached skill level 15 in Evocations
 85865 | Vaults:3 | Noticed Saint Roka
 85878 | Vaults:3 | Killed Saint Roka
 86892 | Vaults:3 | Found Najuppam's General Store.
 86900 | Vaults:3 | Bought 2 potions of heal wounds for 150 gold pieces
 86925 | Vaults:3 | Found a transporter.
 86963 | Vaults:3 | Found a transporter.
 87988 | Vaults:3 | Reached XP level 22. HP: 180/183 MP: 42/42
 88175 | Vaults:3 | Noticed a golden dragon
 88179 | Vaults:3 | Killed a golden dragon
 88452 | Vaults:3 | Reached skill level 18 in Fighting
 88878 | Vaults:3 | Identified the amulet "Zuemyfio" {RegenMP +Blink Regen+}
 88891 | Vaults:3 | Identified the amulet "Maoj" {Faith Will+ SInv}
 89219 | Vaults:4 | Found a crumbling gateway.
 89238 | Desolati | Entered the Desolation of Salt
 89598 | Desolati | Identified the ring of Starshine {Str+3 Int+6}
 89604 | Desolati | Identified the amulet "Qusapn" {Spirit rF- Str+6 Dex+6}
 90712 | Desolati | Identified the ring "Hiutt" {*Slow rN+ Int+6 Slay+2 Stlth+}
 90850 | Desolati | Identified the amulet "Nailelir" {Acrobat rElec Will+++
                  | Int-2 Dex-3}
 90968 | Desolati | Identified the +0 robe "Bogublud" {+Blink Will- rCorr}
 90972 | Desolati | Identified the staff of poison "Fecret" {rPois rN+ Will+}
 91148 | Desolati | Got Ezxoqyb's Secrets of Wildfire and Stones
 92073 | Vaults:4 | Reached skill level 15 in Conjurations
 93476 | Vaults:4 | Found Xofymem's Distillery.
 93991 | Vaults:4 | Learned a level 8 spell: Discord
 94000 | Vaults:4 | Learned a level 8 spell: Disjunction
 94004 | Vaults:5 | Entered Level 5 of the Vaults
 94014 | Vaults:5 | Reached skill level 19 in Fighting
 94014 | Vaults:5 | Reached XP level 23. HP: 180/194 MP: 35/43
 94455 | Vaults:5 | Noticed a dread lich
 94459 | Vaults:5 | Noticed a golden dragon
 95022 | Depths:1 | Entered Level 1 of the Depths
 95304 | Depths:1 | Was placed under penance by Zin
 96059 | Orc:1    | Bought a scroll of enchant weapon for 135 gold pieces
 96120 | D:12     | You paid a toll of a +7 demon whip to enter a treasure
                  | trove
 96121 | Trove    | Entered a treasure trove
 96129 | Trove    | Was forgiven by Zin
 96135 | Trove    | Identified the scarf "Kiteb" {repulsion, rElec}
 96156 | Trove    | Identified the +2 ring mail of the New World {Will+ Regen+
                  | Slay+5}
 96180 | Trove    | Identified the ring of the Endless Expanse {rPois Dex+6}
 96188 | Trove    | Identified the +9 mace of Eweufroo {freeze, rF+ Str+2}
 96503 | Depths:1 | Found a gateway to Hell.
 97218 | Depths:1 | Found the +8 frozen axe "Frostbite" {freeze, freezing
                  | cloud, *Noise Fly rC+}
 97732 | Depths:1 | Found a broken altar of Ashenzari.
 97762 | Depths:1 | Found a bloodstained altar of Trog.
 97770 | Depths:1 | Found a one-way gateway to a ziggurat.
 98131 | Depths:1 | Found a one-way gate leading to the halls of Pandemonium.
 99247 | Depths:2 | HP: 5/196 [spore (13)]
 99254 | Depths:1 | Slain by a titan

Illustrated notes

Levels and vault maps discovered:
D:1:      lemuel_arrival_room, layout_loops_ring, basic_ecumenical_altar,
          minmay_misc_feat_x
D:2:      layout_basic
D:3:      layout_rooms, minmay_misc_feat_nine_boxes, minmay_fractal_squares_5
D:4:      cheibrodos_barr_body, layout_cave_pods, minmay_temple_entry_tees,
          uniq_sigmund
D:5:      layout_cave_pools, grunt_decor_junction, nicolae_shop_i_like_big_books
D:6:      layout_basic, kennysheep_mini_moat, nemelex_altar_shiori,
          ebering_ghost_reflecting_pool
D:7:      layout_basic, kiku_gazebo_garden_becter, uniq_joseph
D:8:      layout_basic, serial_bayou, serial_bayou_lagoon_a,
          serial_bayou_shore_a, serial_bayou_pond_d, serial_bayou_pond_e,
          dilly_guarded_unrand_devastator
D:9:      layout_roguey, nicolae_shop_self_help
D:10:     layout_roguey, uniq_psyche, uniq_nergalle, uniq_gastronok
D:11:     layout_irregular_city, due_lair_maze_entry_diamond, serial_shops,
          shop, nicolae_shop_industrial_runoff, nicolae_lakefront_shop,
          kennysheep_mini, shop, uniq_urug
D:12:     layout_basic, hiddenorc1_lemuel, nicolae_trove_entry_free_sample,
          nicolae_shop_firing_range
D:13:     layout_loops_cross, ximxim_vaults_locker_room,
          portal_ice_cave_entry_animals_and_master, serial_shops,
          nicolae_diamond_shop, nicolae_shop_stone, nicolae_shop_stone,
          nicolae_shop_pleasant_corner_grove, nicolae_shop_rolling_square,
          ebering_ghost_gozag, serial_bayou_pond_b
D:14:     layout_basic, hangedman_glass_teeth, special_room
          [special_room_mythical_zoo], grunt_tough_drop, uniq_rupert,
          uniq_frances
D:15:     hangedman_depths_entry_civil_slaughter, layout_irregular_city,
          chequers_big_river, serial_shops, shop, grunt_ministairs_9,
          yredelemnul_altar_generic
Temple:   hellmonk_temple_of_storms
Lair:1:   gammafunk_worm_tunnel, layout_long_grid, lemuel_old_faithful
Lair:2:   layout_layer_cave, hellmonk_spider_entry_life_and_decay,
          nicolae_quartered_pool_super
Lair:3:   layout_concentric_octagons, nicolae_shoals_entry_flooding,
          lemuel_fruit_fields
Lair:4:   layout_loops_ring, minmay_slime_entry_oklob_enclosed, basic_altar,
          serial_forest, infiniplex_forest_straight_1, infiniplex_forest_end_3,
          infiniplex_forest_clump_diagonal, infiniplex_forest_straight_4,
          pdpol_lair_neglected_garden, dpeg_stationary_puzzle
Lair:5:   hellmonk_lair_end_abyssal_woods, layout_misc_corridors
Shoals:1: layout_shoals, uniq_aizul
Shoals:2: layout_shoals, nicolae_shoals_lost_giant_pillars, uniq_polyphemus
Shoals:3: layout_shoals, nicolae_shoals_square_sea_wall, nicolae_stop_n_shop_1,
          lemuel_altar_in_water
Shoals:4: shoals_end_hellmonk_storm_palace [storm_palace_center_circular,
          storm_palace_corner_altar, storm_palace_corner_pillars,
          storm_palace_corner_altar, storm_palace_corner_blocked]
Spider:1: nicolae_spider_jumping_over_cracks [nicolae_spider_jumping_sub_offset,
          nicolae_spider_jumping_sub_rim, nicolae_spider_jumping_sub_narrow,
          nicolae_spider_jumping_sub_pools], spiders_nest_spider_trap
Spider:2: layout_spider_delve, uniq_nikola
Spider:3: layout_cave_pods, uniq_arachne, uniq_agnes, uniq_kirke
Spider:4: grunt_spider_rune_circles
Orc:1:    layout_caves, serial_shops, shop
Orc:2:    st_orc_mages, layout_caves, basic_altar, rock_pile, uniq_josephine
Elf:1:    eino_elf_arrival_altar, layout_loops_corners, basic_altar,
          gammafunk_ghost_grave, minmay_elf_demonology, uniq_azrael
Elf:2:    elven_hall_of_blades_hangedman_original
          [nicolae_blade_entry_area_security], layout_loops_cross, special_room
          [special_room_mythical_zoo], basic_altar, uniq_asterion
Elf:3:    minmay_elf_hall, layout_gridlike, serial_shops, shop
Vaults:1: mu_enter_wizlab_3, vaults_dpeg_encased_lava,
          nicolae_vaults_turnstiles, nicolae_vaults_tetromino_L_1,
          nicolae_vaults_network_periphery, vaults_room_corners,
          vaults_mumra_minichess, nicolae_vaults_security_offices_1,
          vaults_room_corners, hangedman_vaults_capsules,
          nicolae_vaults_house_3, nicolae_vaults_house_3,
          nicolae_vaults_little_squares_6, hangedman_vaults_stretched_pinwheel,
          nicolae_vaults_tetromino_Z_2, vaults_room_hallway,
          layout_vaults_maze_bifur
Vaults:2: nicolae_vaults_mush_room, minmay_crypt_entry_skeletal_spiral,
          vaults_room_boxed, nicolae_vaults_circle_grid_b,
          nicolae_vaults_little_squares_6, v_misc_33, hangedman_vaults_nodes,
          nicolae_vaults_little_squares_4, nicolae_vaults_little_squares_6,
          nicolae_vaults_house_1, layout_vaults_omnibox
Vaults:3: nicolae_vaults_storage_closets_2, gammafunk_its_a_trap,
          vaults_mumra_hex, nicolae_vaults_offset_grid_hallway_1,
          ontoclasm_vaults_ligature, v_misc_22,
          nicolae_vaults_variable_pillar_hall, nicolae_vaults_network_star,
          v_misc_13, vaults_dpeg_doors, vaults_room_fours,
          nicolae_vaults_surprise_closet, nicolae_vaults_diamond_1,
          layout_vaults_omnicross, serial_shops, shop, uniq_saint_roka
Vaults:4: portal_desolation_entry_ruin, hangedman_vaults_corner,
          grunt_vaults_hallway_long, nicolae_vaults_trapezoid_lopsided_1,
          ontoclasm_vaults_hangar, nicolae_vaults_alarming,
          nicolae_vaults_rhombus_5, vaults_room_door_ring, v_misc_13,
          nicolae_vaults_crenellated_ambush, layout_vaults_omnigrid,
          serial_shops, shop
Vaults:5: serial_shops
Depths:1: minmay_coctagon, layout_gridlike, enter_ziggurat_b, ashenzari_altar_1,
          lightli_too_deep, rand_demon_pan_entry_5, bloody_trog,
          hangedman_decor_cross_pass
Depths:2: minmay_crescents, layout_cave_shapes, serial_shops, shop,
          okawaru_gym_becter, grunt_hell_entry_dis_mu, rand_demon_pan_entry_3,
          nicolae_hepliaklqana_monster_ancestors

Skill      XL: |  1  2  3  4  5  6  7  8  9 10 11 12 13 14 15 16 17 18 19 20 21 22 23 |
---------------+----------------------------------------------------------------------+-----
Spellcasting   | 5 6 7 8 9 10 11 12 13 14 15 16 17 | 17.1
Invocations    | 1 2 3 4 5 6 7 8 9 10 11 12 13 14 15 16 17 | 17.8
Fighting       | 1 2 3 4 5 6 7 8 9 10 11 13 14 15 16 17 19 | 19.7
Short Blades   | 1 2 3 4 5 6 7 8 9 10 11 12 13 14 15 16 | 16.4
Long Blades    | 1 2 3 4 5 6 7 8 9 10 11 12 13 14 15 16 | 16.4
Axes           | 1 2 3 4 5 6 7 8 9 10 11 12 13 14 15 16 | 16.4
Maces & Flails | 1 2 3 4 5 6 7 8 9 10 11 12 13 14 15 16 | 16.4
Polearms       | 1 2 3 4 5 6 7 8 9 10 11 12 13 14 15 16 | 16.4
Staves         | 1 2 3 4 5 6 7 8 9 10 11 12 13 14 15 16 | 16.4
Ranged Weapons | 1 2 3 4 5 6 7 8 9 10 11 12 13 15 16 17 18 | 18.3
Throwing       | 1 2 3 4 5 6 7 8 9 10 11 12 13 14 15 16 | 16.4
Armour         | 1 2 3 4 5 6 7 8 9 10 11 12 13 15 16 17 18 | 18.3
Shields        | 1 2 3 4 5 6 7 8 9 10 11 12 13 14 15 16 | 16.4
Unarmed Combat | 1 2 3 4 5 6 7 8 9 10 11 12 13 14 15 16 | 16.4
Evocations     | 1 2 3 4 5 6 7 8 9 10 11 12 13 14 15 16 | 16.4
Hexes          | 1 2 3 4 5 6 7 8 9 10 11 12 13 14 | 14.0
Summonings     | 1 2 3 4 5 6 7 8 9 10 11 12 13 14 | 14.0
Necromancy     | 1 2 3 4 5 6 7 8 9 10 11 12 13 14 | 14.0
Translocations | 1 2 3 4 5 6 7 8 9 10 11 12 13 14 | 14.0
Transmutations | 1 2 3 4 5 6 7 8 9 10 11 12 13 14 | 14.0
Fire Magic     | 1 2 3 4 5 6 7 8 9 10 11 12 13 14 | 14.0
Ice Magic      | 1 2 3 4 5 6 7 8 9 10 11 12 13 14 | 14.1
Air Magic      | 1 2 3 4 5 6 7 8 9 10 11 12 13 14 | 14.0
Earth Magic    | 1 2 3 4 5 6 7 8 9 10 11 12 13 14 | 14.0
Poison Magic   | 1 2 3 4 5 6 7 8 9 10 11 12 13 14 | 14.0
Dodging        | 5 6 7 8 9 10 11 12 13 14 15 16 17 | 17.0
Stealth        | 5 6 7 8 9 10 11 12 13 14 15 16 | 16.9
Conjurations   | 8 9 10 11 12 13 14 15 | 15.5

Action                     |  1- 3 |  4- 6 |  7- 9 | 10-12 | 13-15 | 16-18 | 19-21 | 22-24 || total
---------------------------+-------+-------+-------+-------+-------+-------+-------+-------++-------
  Melee: Dagger            |     2 |       |    27 |   111 |    58 |    22 |       |       ||   220
         Short sword       |       |     5 |   100 |       |       |       |       |       ||   105
         Bite              |       |     1 |    17 |    32 |    96 |    32 |    54 |    30 ||   262
         Punch             |       |       |     2 |    10 |    44 |    10 |       |       ||    66
         Scimitar          |       |       |       |     9 |       |       |       |       ||     9
         Shillelagh        |       |       |       |   102 |   547 |    50 |       |       ||   699
         Staff             |       |       |       |       |       |   137 |   229 |   133 ||   499
  Throw: Dart              |       |     1 |     2 |       |       |       |       |       ||     3
   Cast: Magic Dart        |    55 |    45 |    31 |       |     5 |       |     1 |       ||   137
         Searing Ray       |     2 |    17 |    18 |       |     1 |       |       |       ||    38
         Dazzling Flash    |       |     1 |     3 |       |     5 |     1 |       |       ||    10
         Fulminant Prism   |       |       |    47 |   131 |    57 |    18 |     1 |       ||   254
         Stone Arrow       |       |       |       |    49 |   169 |       |       |       ||   218
         Tukima's Dance    |       |       |       |     1 |     3 |     1 |       |       ||     5
         Conjure Ball Ligh |       |       |       |       |    18 |   352 |   236 |   117 ||   723
         Iron Shot         |       |       |       |       |   168 |    75 |   203 |    90 ||   536
         Manifold Assault  |       |       |       |       |       |     5 |     1 |       ||     6
         Monstrous Menager |       |       |       |       |       |       |    14 |     3 ||    17
         Summon Hydra      |       |       |       |       |       |       |    18 |     8 ||    26
         Disjunction       |       |       |       |       |       |       |       |     2 ||     2
         Discord           |       |       |       |       |       |       |       |     2 ||     2
 Invoke: Reject Sacrifices |     1 |       |       |       |       |       |       |       ||     1
         Renounce Religion |       |     1 |       |       |       |       |       |       ||     1
         Recite            |       |       |     3 |     4 |    11 |     3 |    12 |     5 ||    38
         Vitalisation      |       |       |     1 |     3 |     5 |    10 |    14 |    11 ||    44
  Evoke: Wand              |       |       |       |       |     5 |     6 |     1 |     1 ||    13
         Phantom mirror    |       |       |       |       |       |     1 |     1 |     1 ||     3
         Phial of floods   |       |       |       |       |       |       |       |     1 ||     1
    Use: Scroll            |       |    12 |     4 |     4 |    20 |     7 |     5 |    11 ||    63
         Potion            |       |     1 |       |       |     3 |     5 |     6 |    11 ||    26
   Stab: Sleeping          |     2 |       |     3 |     5 |     4 |       |     4 |     3 ||    21
         Invisible         |       |       |       |       |     1 |     1 |     1 |     1 ||     4
         Confused          |       |       |       |       |     2 |       |     6 |       ||     8
         Distracted        |       |       |       |       |       |       |     1 |     2 ||     3
         Paralysed         |       |       |       |       |       |       |       |     5 ||     5
 Armour: Robe              |     1 |     5 |     8 |       |       |       |       |       ||    14
         Steam dragon scal |       |       |    17 |    80 |   163 |   120 |    94 |    54 ||   528
         Leather armour    |       |       |       |       |     1 |       |       |       ||     1
  Dodge: Dodged            |       |    32 |   140 |   346 |   840 |   559 |   392 |   254 ||  2563
         Repelled          |       |       |       |       |       |       |       |     1 ||     1

Table legend: (Time is in decaauts)
 A = Elapsed time spent in this place.
 B = Non-inter-level travel time spent in this place.
 C = Inter-level travel time spent in this place.
 D = Time resting spent in this place.
 E = Time spent auto-exploring this place.
 F = Levels seen in this place.
 G = Mean time per level.
                   A        B        C        D        E       F      G
               +--------+--------+--------+--------+--------+-----+--------+
         Total |  99547 |  95228 |   4319 |  49347 |  28513 |  45 | 2212.2 |
       Dungeon |  30307 |  28445 |   1862 |  14024 |   9565 |  15 | 2020.5 |
        Temple |    313 |    313 |      0 |    130 |     18 |   1 |  313.0 |
          Lair |  13357 |  12566 |    791 |   6334 |   4203 |   5 | 2671.4 |
        Shoals |  10893 |  10682 |    211 |   5441 |   3103 |   4 | 2723.2 |
   Spider Nest |  10221 |   9840 |    381 |   5925 |   2239 |   4 | 2555.2 |
  Orcish Mines |   2608 |   2378 |    230 |   1096 |    838 |   2 | 1304.0 |
   Elven Halls |  12203 |  11934 |    269 |   6806 |   3461 |   3 | 4067.7 |
        Vaults |  11896 |  11391 |    505 |   5647 |   3227 |   5 | 2379.2 |
        Depths |   2290 |   2223 |     67 |   1023 |    759 |   2 | 1145.0 |
         Trove |     72 |     72 |      0 |      0 |      0 |   1 |   72.0 |
      Ice Cave |   1003 |   1003 |      0 |    742 |     22 |   1 | 1003.0 |
        Wizlab |   1815 |   1815 |      0 |   1051 |    267 |   1 | 1815.0 |
    Desolation |   2562 |   2562 |      0 |   1127 |    810 |   1 | 2562.0 |
               +--------+--------+--------+--------+--------+-----+--------+

Top non-repeatable levels by time:
   Elf:3: 5664 daAuts
    D:13: 4660 daAuts
   Elf:1: 4273 daAuts
Shoals:4: 3992 daAuts
  Lair:5: 3524 daAuts
Spider:4: 3484 daAuts
    D:14: 3477 daAuts
Shoals:3: 3359 daAuts
Vaults:3: 3271 daAuts
Vaults:4: 3178 daAuts
    D:15: 3088 daAuts
Spider:1: 2897 daAuts
Vaults:2: 2803 daAuts
  Lair:2: 2757 daAuts
Vaults:1: 2619 daAuts
